 Dungeon Crawl Stone Soup version 0.31-a0-200-gbc41564c69 (webtiles) character file.

Game seed: 9970818108500830540

2049 AvylaarBelgium the Thaumaturge (level 9, -3/67 HPs)
             Began as a Deep Elf Conjurer on June 26, 2023.
             Was a Follower of Vehumet.
             Slain by a kobold brigand
             ... wielding a +0 dagger
              (8 damage)
             ... on level 6 of the Dungeon.
             The game lasted 00:13:43 (5718 turns).

AvylaarBelgium the Thaumaturge (Deep Elf Conjurer)  Turns: 5718, Time: 00:13:43

Health: -3/67      AC:  9    Str:  4    XL:     9   Next: 4%
Magic:  7/26       EV: 12    Int: 28    God:    Vehumet [*.....]
Gold:   185        SH:  0    Dex: 13    Spells: 15/30 levels left

rFire   . . .        k - +0 hand axe (freeze)
rCold   . . .        (no shield)
rNeg    . . .        a - +0 robe
rPois   .            (no helmet)
rElec   .            z - +0 cloak
rCorr   .            (no gloves)
SInv    .            q - +1 pair of boots
Will    .....        n - amulet of faith Stlth
                     I - +4 ring of protection
HPRegen 0.31/turn    (no ring)
MPRegen 0.20/turn

%: faith
@: berserking, lethally poisoned (-3 -> -5), hasted and slowed
A: no striking features
a: Renounce Religion


You were on level 6 of the Dungeon.
You worshipped Vehumet.
Vehumet was aware of your devotion.
You visited 2 branches of the dungeon, and saw 7 of its levels.

You collected 305 gold pieces.
You spent 120 gold pieces at shops.

Inventory:

Hand Weapons
 f - a +0 rapier
 k - a +0 hand axe of freezing (weapon)
 y - a +2 quarterstaff of chaos
Missiles
 i - 5 silver javelins
Armour
 a - a +0 robe (worn)
 q - a +1 pair of boots (worn)
 z - a +0 cloak (worn)
 G - a +2 leather armour of cold resistance
Magical Staves
 d - a staff of conjuration
Jewellery
 n - an amulet of faith (around neck)
 I - a +4 ring of protection (left hand)
Wands
 v - a wand of iceblast (8)
 x - a wand of mindburst (10)
 E - a wand of flame (21)
 H - a wand of polymorph (6)
Scrolls
 c - 6 scrolls of teleportation {unknown}
 e - 2 scrolls of identify {unknown}
 h - 3 scrolls of poison {unknown}
 j - 3 scrolls of enchant weapon {unknown}
 m - 2 scrolls of noise {unknown}
 p - a scroll of immolation {unknown}
 t - a scroll of blinking {unknown}
 w - a scroll of revelation {unknown}
 B - a scroll of amnesia {unknown}
 C - a scroll of butterflies {unknown}
 F - a scroll of fog {unknown}
Potions
 b - 4 potions of magic
 g - a potion of heal wounds {unknown}
 l - 2 potions of might {unknown}
 o - a potion of invisibility {unknown}
 r - 4 potions of lignification {unknown}
 s - 2 potions of berserk rage
 u - 2 potions of haste
 A - a potion of cancellation {unknown}
 D - a potion of mutation {unknown}


   Skills:
 - Level 2.4 Dodging
 - Level 2.4 Stealth
 + Level 11.1 Spellcasting
 + Level 10.0 Conjurations
 + Level 2.9 Hexes


You had 15 spell levels left.
You knew the following spells:

 Your Spells              Type           Power      Damage    Failure   Level
a - Magic Dart            Conj           100%       1d8       1%          1
b - Searing Ray           Conj           100%       2d8       1%          2
c - Fulminant Prism       Conj/Hex       25%        3d13      2%          4
d - Iskenderun's Mystic   Conj/Tloc      43%        2d10      4%          4
e - Olgreb's Toxic Radia  Pois           15%        N/A       34%         4

Your spell library contained the following spells:

 Spells                   Type           Power      Damage    Failure   Level
 Sandblast                Erth           30%        2d9       3%          1
 Dazzling Flash           Conj/Hex       100%       N/A       1%          3
 Sting                    Tmut/Pois      60%        1d6       3%          1
 Poisonous Vapours        Pois/Air       30%        N/A       5%          2


Dungeon Overview and Level Annotations

Branches:
Dungeon (6/15)             Temple (1/1) D:4

Altars:
Ashenzari
Cheibriados
Dithmenos
Elyvilon
Fedhas
Gozag
Kikubaaqudgha
Makhleb
Okawaru
Ru
Sif Muna
Trog
Uskayaw
Vehumet
Wu Jian
Xom
Zin
The Shining One

Shops:
D:2 !

Annotations:
D:4 exclusion: downstairs


Message History

Vehumet accepts your kill.
Your Spellcasting skill increases to level 11!
Your Conjurations skill increases to level 10!
You have reached level 9!
Your experience leads to an increase in your attributes!
Increase (S)trength, (I)ntelligence, or (D)exterity?
You feel clever. x2
The kobold brigand throws a curare-tipped dart.
The curare-tipped dart hits you.
You are poisoned.
You have difficulty breathing.
You feel yourself slow down.
You feel very sick.
Found a pair of runed gloves.
You feel very sick.
You feel sick.
You feel sick.
You feel sick.
The kobold brigand throws a curare-tipped dart.
The curare-tipped dart hits you.
You are more poisoned.
You have difficulty breathing.
* * * LOW HITPOINT WARNING * * *
You feel as though you will be slow longer.
You feel yourself speed up.
* * * LOW HITPOINT WARNING * * *
You feel very sick.
Unknown command.
It was a potion of berserk rage.
A red film seems to cover your vision as you go berserk!
You feel yourself moving faster!
You feel mighty!
You feel sick.
Unknown command.
You feel a strong urge to attack something.
You feel sick. The kobold brigand misses you.
You are too berserk!
You closely miss the kobold brigand.
You feel sick. The kobold brigand misses you.
Unknown command.
You barely miss the kobold brigand.
You feel sick.
The kobold brigand hits you with a +0 dagger!
You die...

..........[###
.....##......#
.#[#.###...###
.............######
########.######.#.#
#.# #.#.# #.# #.#.#
#.# #.#.# #.#
#.@.###.# #.#
#K......[.
#.######..####.#.
#.........#
######.####.#
#............#
#.####.......#
##.##...# ####...#


You could see a kobold brigand.

Vanquished Creatures
  Prince Ribbit (D:5)
  Sigmund (D:5)
  Menkaure (D:5)
  Edmund (D:5)
  2 water moccasins
  Duvessa (D:5)
  2 black bears (D:4)
  An ice beast (D:6)
  An ogre (D:5)
  A bullfrog (D:6)
  A scorpion (D:5)
  Dowan (D:5)
  A hound (D:5)
  Crazy Yiuf (D:3)
  A gnoll bouda (D:6)
  3 iron imps (D:3)
  3 jellies
  Jessica (D:2)
  3 iguanas
  Ijyb (D:3)
  2 orc wizards (D:3)
  Robin (D:2)
  3 gnolls (D:6)
  5 adders
  A shadow imp (D:5)
  2 ufetubi (D:5)
  A worm (D:3)
  2 dart slugs
  9 orcs
  6 endoplasms
  6 giant cockroaches
  12 goblins
  8 hobgoblins
  3 jackals (D:1)
  6 kobolds
  A quokka (D:1)
  6 ball pythons
  8 bats
  3 frilled lizards
  5 rats
118 creatures vanquished.

Vanquished Creatures (others)
  21 fulminant prisms
21 creatures vanquished.

Grand Total: 139 creatures vanquished

Notes
Turn   | Place    | Note
-------+----------+-------------------------------------------
     0 | D:1      | AvylaarBelgium the Deep Elf Conjurer began the quest for
                  | the Orb.
     0 | D:1      | Reached XP level 1. HP: 10/10 MP: 6/6
    24 | D:1      | You fall into a shaft and drop 1 floor!
   622 | D:1      | Reached XP level 2. HP: 15/15 MP: 4/8
  1143 | D:1      | Reached skill level 4 in Spellcasting
  1269 | D:1      | Reached XP level 3. HP: 19/19 MP: 6/10
  1323 | D:1      | Reached skill level 5 in Conjurations
  1792 | D:2      | Noticed Jessica
  1796 | D:2      | Killed Jessica
  1824 | D:2      | Reached XP level 4. HP: 24/24 MP: 7/12
  1840 | D:2      | Noticed Robin
  1863 | D:2      | Killed Robin
  1876 | D:2      | Reached skill level 5 in Spellcasting
  2096 | D:2      | Learned a level 2 spell: Searing Ray
  2145 | D:2      | Found Kemaigo's Distillery.
  2153 | D:2      | Bought a potion of haste for 120 gold pieces
  2222 | D:3      | Found a white marble altar of Elyvilon.
  2341 | D:3      | Reached XP level 5. HP: 28/28 MP: 11/14
  2495 | D:3      | Found a sacrificial altar of Ru.
  2496 | D:3      | Found a shadowy altar of Dithmenos.
  2594 | D:3      | Noticed Ijyb
  2601 | D:3      | Killed Ijyb
  2602 | D:3      | Reached skill level 6 in Spellcasting
  2675 | D:3      | Found a burning altar of Makhleb.
  2803 | D:3      | Reached XP level 6. HP: 32/32 MP: 13/17
  3131 | D:3      | Found a runed translucent door.
  3132 | D:3      | Noticed Crazy Yiuf
  3241 | D:3      | Killed Crazy Yiuf
  3462 | D:4      | Reached skill level 7 in Spellcasting
  3534 | D:4      | Found a staircase to the Ecumenical Temple.
  3542 | Temple   | Entered the Ecumenical Temple
  3828 | D:4      | Found a radiant altar of Vehumet.
  3838 | D:4      | Became a worshipper of Vehumet
  3976 | D:4      | Reached XP level 7. HP: 36/36 MP: 14/20
  4365 | D:5      | Entered Level 5 of the Dungeon
  4375 | D:5      | Reached skill level 8 in Spellcasting
  4381 | D:5      | Learned a level 4 spell: Fulminant Prism
  4386 | D:5      | Learned a level 4 spell: Iskenderun's Mystic Blast
  4386 | D:5      | Noticed Menkaure
  4456 | D:5      | Killed Menkaure
  4634 | D:5      | Noticed Edmund
  4653 | D:5      | Killed Edmund
  4654 | D:5      | Reached skill level 9 in Spellcasting
  4688 | D:5      | Noticed Prince Ribbit
  4734 | D:5      | Noticed Sigmund
  4752 | D:5      | Killed Prince Ribbit
  4753 | D:5      | Reached XP level 8. HP: 41/41 MP: 9/23
  4843 | D:5      | Killed Sigmund
  4858 | D:5      | Reached skill level 10 in Spellcasting
  4864 | D:5      | Noticed Duvessa
  4864 | D:5      | Noticed Dowan
  4893 | D:5      | Killed Duvessa
  5012 | D:5      | Killed Dowan
  5357 | D:5      | Reached * piety under Vehumet
  5357 | D:5      | Offered knowledge of Sandblast by Vehumet.
  5400 | D:5      | Learned a level 4 spell: Olgreb's Toxic Radiance
  5470 | D:6      | Reached skill level 1 in Hexes
  5698 | D:6      | Reached skill level 11 in Spellcasting
  5698 | D:6      | Reached skill level 10 in Conjurations
  5698 | D:6      | Reached XP level 9. HP: 34/45 MP: 3/26
  5718 | D:6      | Slain by a kobold brigand

Illustrated notes

Levels and vault maps discovered:
D:1:      dpeg_arrival_pits, layout_basic, roderic_lattice_a
D:2:      layout_basic, serial_shops, nicolae_shop_tiny_waterfront,
          dreamdust_princess_corridor, kennysheep_generic_room_3, uniq_jessica,
          uniq_robin
D:3:      layout_basic, demons_altar, nicolae_elyvilon_temple_path,
          mainiacjoe_overflow_divided_tiny, chequers_serial_rivers_micro_c,
          uniq_crazy_yiuf_cottage, uniq_ijyb
D:4:      nicolae_cairo_tiling_very_big, layout_loops_ring,
          nicolae_overflow_crystal_walls, temple_doors_e,
          kennysheep_small_spiral
D:5:      layout_basic, uniq_sigmund, uniq_edmund, uniq_menkaure,
          uniq_prince_ribbit1, uniq_duvessa
D:6:      layout_loops_ring, mainiacjoe_overflow_alcove_4, minmay_manual_maat
Temple:   compressed_dpeg_triangle_lava_temple

Skill      XL: |  1  2  3  4  5  6  7  8 |
---------------+-------------------------+-----
Spellcasting   | 4 5 6 7 9 11 | 11.1
Conjurations   | 5 6 7 8 10 | 10.0
Hexes          | 2 |  2.9
Dodging        | |  2.4
Stealth        | |  2.4

Action                     |  1- 3 |  4- 6 |  7- 9 || total
---------------------------+-------+-------+-------++-------
  Melee: Rapier            |     2 |       |       ||     2
         Hand axe          |       |    21 |     4 ||    25
   Cast: Magic Dart        |    69 |    78 |    29 ||   176
         Searing Ray       |       |    11 |    12 ||    23
         Fulminant Prism   |       |       |    21 ||    21
         Iskenderun's Myst |       |       |     1 ||     1
  Evoke: Wand              |       |       |     1 ||     1
    Use: Potion            |       |       |     2 ||     2
 Armour: Robe              |     6 |     9 |     4 ||    19
  Dodge: Dodged            |    14 |    22 |    14 ||    50

Table legend: (Time is in decaauts)
 A = Elapsed time spent in this place.
 B = Non-inter-level travel time spent in this place.
 C = Inter-level travel time spent in this place.
 D = Time resting spent in this place.
 E = Time spent auto-exploring this place.
 F = Levels seen in this place.
 G = Mean time per level.
                   A        B        C        D        E       F      G
               +--------+--------+--------+--------+--------+-----+--------+
         Total |   5729 |   5491 |    238 |    905 |   3699 |   7 |  818.4 |
       Dungeon |   5500 |   5262 |    238 |    905 |   3484 |   6 |  916.7 |
        Temple |    228 |    228 |      0 |      0 |    215 |   1 |  228.0 |
               +--------+--------+--------+--------+--------+-----+--------+

Top non-repeatable levels by time:
     D:2: 1292 daAuts
     D:3: 1156 daAuts
     D:4: 932 daAuts
     D:5: 924 daAuts
     D:1: 890 daAuts
     D:6: 303 daAuts
  Temple: 228 daAuts
